 Dungeon Crawl Stone Soup version 0.29.1-4-g47bece8355 (webtiles) character file.

Game seed: 14812744174356047009

52 zeram the Shield-Bearer (level 3, -5/23 HPs)
             Began as a Gargoyle Fighter on Dec 7, 2022.
             Slain by a gnoll
             ... wielding a +0 spear
              (8 damage)
             ... on level 2 of the Dungeon.
             The game lasted 00:01:59 (1592 turns).

zeram the Shield-Bearer (Gargoyle Fighter)          Turns: 1592, Time: 00:01:59

Health: -5/23      AC: 11    Str: 21    XL:     3   Next: 85%
Magic:  3/3        EV:  9    Int:  8    God:
Gold:   83         SH:  4    Dex:  9    Spells: 2/2 levels left

rFire   . . .      SeeInvis .   g - +2 dagger (vamp)
rCold   . . .      Faith    .   c - +0 buckler
rNeg    + . .      Spirit   .   b - +0 scale mail
rPois   ∞          Reflect  .   (no helmet)
rElec   +          Harm     .   (no cloak)
rCorr   .          Rampage  .   j - +0 pair of gloves
Will    .....                   (no boots)
Stlth   ..........              (no amulet)
HPRegen 0.07/turn               (no ring)
MPRegen 0.08/turn               (no ring)

@: no status effects
A: sickness immunity, AC +3, negative energy resistance 1, electricity
resistance, torment resistance 1, petrification resistance
a: no special abilities


You were on level 2 of the Dungeon.
You visited 1 branch of the dungeon, and saw 2 of its levels.

You collected 83 gold pieces.

Inventory:

Hand Weapons
 a - a +0 flail
 g - a +2 vampiric dagger (weapon)
Armour
 b - a +0 scale mail (worn)
 c - a +0 buckler (worn)
 j - a +0 pair of gloves (worn)
Jewellery
 m - a ring of fire
Scrolls
 f - a scroll of torment {unknown}
 k - 2 scrolls of fog {unknown}
 l - a scroll of enchant armour {unknown}
Potions
 d - 4 potions of might
 e - a potion of heal wounds {unknown}
 h - a potion of attraction {unknown}
 i - a potion of cancellation {unknown}


   Skills:
 - Level 3.3 Fighting
 + Level 2.4 Maces & Flails
 + Level 4.0 Armour
 + Level 0.4 Dodging
 + Level 4.1 Shields


You had 2 spell levels left.
You didn't know any spells.
Your spell library was empty.

Dungeon Overview and Level Annotations

Branches:
Dungeon (2/15)

Altars:


Innate Abilities, Weirdness & Mutations

You are immune to sickness and miasma.
Your stone body is resilient. (AC +3)
You are immune to poison.
You resist negative energy. (rN+)
You are resistant to electric shocks. (rElec)
You are resistant to unholy torment.
You are immune to petrification.


Message History

You are too injured to fight recklessly!
You are too injured to fight recklessly!
You are too injured to fight recklessly!
You are too injured to fight recklessly!
You are too injured to fight recklessly!
You are too injured to fight recklessly!
You are too injured to fight recklessly!
You are too injured to fight recklessly!
You are too injured to fight recklessly!
You are too injured to fight recklessly!
Unknown command.
You hit the gnoll.
You feel better.
The gnoll is moderately wounded.
You block the gnoll's attack. x2
You hit the gnoll.
You feel better.
The gnoll is heavily wounded.
The gnoll misses you. The gnoll hits you but does no damage.
You hit the gnoll.
You feel better.
The gnoll is severely wounded.
The gnoll hits you but does no damage. The gnoll hits you with a +0 whip.
You hit the gnoll.
You feel better.
The gnoll is severely wounded.
The gnoll hits you but does no damage. x2
You hit the gnoll.
You feel better.
The gnoll is almost dead.
The gnoll hits you from afar with a +0 spear.
The gnoll barely misses you.
You hit the gnoll.
The gnoll is almost dead.
The gnoll closely misses you. The gnoll hits you but does no damage.
You block the kobold's attack. The kobold hits you but does no damage.
You hit the gnoll but do no damage.
The gnoll is almost dead.
The gnoll hits you from afar with a +0 spear!
* * * LOW HITPOINT WARNING * * *
You block the gnoll's attack. The kobold hits you but does no damage.
You hit the gnoll.
You kill the gnoll!
The gnoll hits you from afar with a +0 spear!
You die...

..# . #.. ..##..
......#
......#####
#.g....# .
####.#.##g####.).
#....gg.#<.....##
#...Kg#.#@.......
#.....#.)K#######
#.........#
#.....##...#
#.....##...#
#.....##...#
......##....
.....


You could see a gnoll and a kobold.

Vanquished Creatures
  2 gnolls
  A dart slug (D:1)
  4 ball pythons (D:1)
  3 endoplasms (D:1)
  A giant cockroach (D:1)
  2 goblins (D:1)
  7 hobgoblins (D:1)
  7 jackals
  4 kobolds
  2 quokkas (D:1)
33 creatures vanquished.

Notes
Turn   | Place    | Note
-------+----------+-------------------------------------------
     0 | D:1      | zeram the Gargoyle Fighter began the quest for the Orb.
     0 | D:1      | Reached XP level 1. HP: 14/14 MP: 1/1
    35 | D:1      | Reached XP level 2. HP: 14/19 MP: 2/2
   689 | D:1      | Reached XP level 3. HP: 21/23 MP: 3/3
  1062 | D:1      | Found a faded altar of an unknown god.
  1304 | D:1      | HP: 1/23 [gnoll/+0 flail (5)]
  1592 | D:2      | Slain by a gnoll

Illustrated notes

Levels and vault maps discovered:
D:1:      lemuel_arrival_broad_hall, layout_basic,
          hellmonk_ecumenical_altar_prayer_group
D:2:      layout_rooms, basic_altar

Skill      XL: |  1  2  3 |
---------------+----------+-----
Shields        | 4 |  4.1
Armour         | 4 |  4.0
Fighting       | |  3.3
Maces & Flails | |  2.4
Dodging        | |  0.4

Action                   || total
-------------------------++-------
Melee: Flail             ||    25
       Dagger            ||   163
Armor: Scale mail        ||   121
Dodge: Dodged            ||   115
Block: Buckler           ||    55
